 Dungeon Crawl Stone Soup version 0.28-a0-1613-gdaab1c2f9b (webtiles) character file.

Game seed: 14433088243269235679

3170 neox1001 the Cleaver (level 9, -1/80 (81) HPs)
             Began as a Minotaur Fighter on Jan 21, 2022.
             Was an Initiate of Gozag.
             Slain by a wolf (4 damage)
             ... led by Grum
             ... on level 8 of the Dungeon.
             The game lasted 00:30:38 (4272 turns).

neox1001 the Cleaver (Minotaur Fighter)             Turns: 4272, Time: 00:30:40

HP:   -1/80 (81)    AC: 11    Str: 25    XL:     9   Next: 63%
MP:   8/8           EV:  9    Int:  5    God:    Gozag
Gold: 360           SH:  5    Dex: 10    Spells: 8/8 levels left

rFire   . . .      SeeInvis .   J - +3 falchion (freeze)
rCold   . . .      Faith    .   c - +0 buckler
rNeg    . . .      Spirit   .   j - +0 chain mail
rPois   .          Reflect  .   (helmet restricted)
rElec   .          Harm     .   (no cloak)
rCorr   .          Rampage  .   (no gloves)
Will    .....                   (no boots)
Stlth   ..........              n - amulet of regeneration
HPRegen 1.03/turn               (no ring)
MPRegen 0.11/turn               (no ring)

@: gold aura, lightly drained
A: horns 2, retaliatory headbutt
a: Renounce Religion, Potion Petition, Call Merchant, Bribe Branch


You were on level 8 of the Dungeon.
You worshipped Gozag.
Gozag was aware of your devotion.
You visited 2 branches of the dungeon, and saw 9 of its levels.

You collected 471 gold pieces.
You paid 111 gold pieces to Gozag.

Inventory:

Hand Weapons
 a - a +0 war axe
 l - a +0 whip
 p - a +1 short sword of venom
 w - a +1 hand axe of flaming
 E - a +2 hand axe of freezing
 I - a +1 war axe of venom
 J - a +3 falchion of freezing (weapon)
Missiles
 f - 167 stones (quivered)
Armour
 b - a +0 scale mail
 c - a +0 buckler (worn)
 j - a +0 chain mail (worn)
 y - a +0 ring mail
 F - a +0 helmet
 G - a +3 leather armour
Jewellery
 i - an amulet of guardian spirit
 n - an amulet of regeneration (around neck)
Wands
 r - a wand of flame (6)
 L - a wand of polymorph (4)
Scrolls
 g - a scroll of noise {unknown}
 h - 2 scrolls of magic mapping {unknown}
 q - 5 scrolls of identify {unknown}
 t - a scroll of silence
 v - 2 scrolls of amnesia {unknown}
 x - a scroll of summoning {unknown}
 B - 2 scrolls of enchant weapon {unknown}
 D - 2 scrolls of teleportation {unknown}
 H - a scroll of immolation {unknown}
Potions
 d - 2 potions of might
 e - a potion of magic {unknown}
 k - 2 potions of curing {unknown}
 m - 2 potions of mutation {unknown}
 o - a potion of berserk rage {unknown}
 s - 3 potions of flight {unknown}
 u - a potion of degeneration {unknown}
 z - a potion of attraction {unknown}
 A - a potion of resistance
 C - 4 potions of brilliance {unknown}
 K - a potion of lignification {unknown}


   Skills:
 + Level 7.9 Fighting
 + Level 1.2(1.9) Short Blades
 + Level 2.4(2.6) Long Blades
 + Level 10.1 Axes
 + Level 9.3 Armour
 + Level 2.4 Dodging
 + Level 0.7 Stealth
 + Level 6.0 Shields


You had 8 spell levels left.
You didn't know any spells.
Your spell library contained the following spells:

 Spells                   Type           Power      Damage    Failure   Level
 Beastly Appendage        Tmut           0%         N/A       98%         1
 Corpse Rot               Necr/Air       0%         N/A       99%         2
 Wereblood                Tmut           0%         N/A       99%         2
 Conjure Flame            Conj/Fire      0%         6-21      100%        3
 Ignite Poison            Fire/Tmut/Pois 0%         N/A       100%        3
 Portal Projectile        Hex/Tloc       0%         N/A       100%        3
 Spider Form              Tmut/Pois      0%         N/A       100%        3
 Dispel Undead            Necr           0%         3d6       100%        4
 Sticky Flame             Conj/Fire      0%         2d3       100%        4
 Blade Hands              Tmut           0%         N/A       100%        5
 Excruciating Wounds      Necr           0%         N/A       100%        5
 Death Channel            Necr           0%         N/A       100%        6


Dungeon Overview and Level Annotations

Branches:
Dungeon (7/15)             Temple (1/1) D:6

Altars:
Ashenzari
Gozag
Hepliaklqana
Kikubaaqudgha
Nemelex Xobeh
Qazlal
Ru
Vehumet
Wu Jian
Xom
Yredelemnul

Shops:
D:1 (*?*

Annotations:
D:8 Grum


Innate Abilities, Weirdness & Mutations

You have a pair of horns on your head.
You reflexively headbutt those who attack you in melee.


Message History

You closely miss the wolf. You block the wolf's attack.
The wolf barely misses you.
The killer bee zombie completely misses you.
Grum hits you from afar with a -2 spear!
The wolf misses you. The wolf completely misses you. You furiously retaliate!
You headbutt the wolf.
You block the killer bee zombie's attack.
You miss the wolf.
The wolf is moderately wounded.
You block the wolf's attack. The wolf closely misses you.
You block the killer bee zombie's attack.
You block Grum's attack.
The wolf bites you but does no damage. x2
The killer bee zombie hits you but does no damage.
You slash the killer bee zombie!
The killer bee zombie is severely damaged.
The wolf bites you. The wolf bites you but does no damage.
The killer bee zombie hits you.
Grum hits you from afar with a -2 spear!
* * * LOW HITPOINT WARNING * * *
You block the wolf's attack.
The killer bee zombie hits you but does no damage.
The wolf barely misses you. Grum hits you but does no damage.
You closely miss the killer bee zombie.
The killer bee zombie is severely damaged.
The wolf completely misses you. You furiously retaliate!
You headbutt the wolf, but do no damage.
The killer bee zombie hits you but does no damage.
The wolf misses you. The wolf bites you.
* * * LOW HITPOINT WARNING * * *
The killer bee zombie hits you but does no damage.
You block the wolf's attack.
Grum hits you from afar with a -2 spear!
* * * LOW HITPOINT WARNING * * *
You slash the killer bee zombie!
You destroy the killer bee zombie!
The wolf bites you!
* * * LOW HITPOINT WARNING * * *
The wolf bites you.
You die...
Your body crumbles into a pile of gold.

##### $ . #... <.
#.######.# .#
#........#####.#
#####..........##.
#......(.......
......####@$......
...##### #hh......
$ .. ..g...... #
###....... #...##.
..## ..# ..#


You could see Grum and 2 wolves.

Vanquished Creatures
  A two-headed ogre (D:6)
  The ghost of Longtemps the Firebug, a novice OpFE (D:6)
  A meliai zombie (D:6)
  Sigmund (D:2)
  3 orc warriors (D:6)
  A black bear (D:4)
  An ice beast (D:6)
  An ogre (D:6)
  A phantom (D:5)
  2 scorpions
  A wyvern skeleton (D:7)
  A water moccasin skeleton (D:5)
  8 wights
  2 bullfrog skeletons
  A centaur skeleton (D:6)
  3 orc priests (D:6)
  Terence (D:2)
  5 iguanas
  9 orc wizards
  A killer bee zombie (D:8)
  3 gnolls (D:4)
  5 adders
  2 shadow imps (D:5)
  3 ufetubi
  An adder zombie (D:5)
  A worm (D:3)
  3 dart slugs
  23 orcs
  2 bats
  4 endoplasms
  2 giant cockroaches
  7 goblins
  5 hobgoblins
  5 jackals
  9 kobolds
  5 quokkas
  2 ball pythons
  2 frilled lizards (D:1)
  5 rats
134 creatures vanquished.

Notes
Turn   | Place    | Note
-------+----------+-------------------------------------------
     0 | D:1      | neox1001 the Minotaur Fighter began the quest for the Orb.
     0 | D:1      | Reached XP level 1. HP: 19/19 MP: 0/0
    89 | D:1      | Found Miggawi's Weapon Boutique.
   310 | D:1      | Reached XP level 2. HP: 10/27 MP: 1/1
   411 | D:1      | Found Etsu's Magic Scroll Shoppe.
   701 | D:1      | Found Lodur's Assorted Antiques.
   984 | D:1      | Found Xilyso's General Store.
  1019 | D:2      | Reached XP level 3. HP: 24/33 MP: 2/2
  1111 | D:2      | Noticed Sigmund
  1126 | D:2      | Killed Sigmund
  1127 | D:2      | Reached skill level 4 in Axes
  1127 | D:2      | Reached XP level 4. HP: 32/41 MP: 3/3
  1127 | D:2      | Reached XP level 5. HP: 37/47 MP: 4/4
  1309 | D:2      | Noticed Terence
  1316 | D:2      | Killed Terence
  1317 | D:2      | Reached skill level 5 in Fighting
  1658 | D:3      | Found a faded altar of an unknown god.
  1802 | D:3      | Reached skill level 5 in Armour
  1802 | D:3      | Reached XP level 6. HP: 51/56 MP: 5/5
  1829 | D:3      | Found an ornate altar of the Wu Jian Council.
  1971 | D:4      | Reached skill level 5 in Axes
  2169 | D:4      | Reached skill level 1 in Dodging
  2265 | D:4      | Reached skill level 1 in Short Blades
  2415 | D:4      | Reached skill level 6 in Axes
  2415 | D:4      | Reached XP level 7. HP: 59/61 MP: 6/6
  2714 | D:5      | Entered Level 5 of the Dungeon
  2773 | D:5      | Found a sparkling altar of Nemelex Xobeh.
  2813 | D:5      | Found a stormy altar of Qazlal.
  2917 | D:5      | Reached skill level 7 in Axes
  3196 | D:6      | Reached XP level 8. HP: 31/70 MP: 7/7
  3212 | D:6      | Reached skill level 5 in Shields
  3261 | D:6      | Found a runed translucent door.
  3279 | D:6      | Reached skill level 8 in Axes
  3338 | D:6      | Noticed Longtemps's ghost (novice OpFE)
  3356 | D:6      | Killed Longtemps's ghost
  3436 | D:6      | Reached skill level 9 in Axes
  3564 | D:6      | Reached XP level 9. HP: 26/78 MP: 8/8
  3662 | D:6      | Found a staircase to the Ecumenical Temple.
  3684 | Temple   | Entered the Ecumenical Temple
  3746 | Temple   | Became a worshipper of Gozag Ym Sagoz the Greedy
  3781 | D:6      | Noticed a two-headed ogre
  3786 | D:6      | Killed a two-headed ogre
  3787 | D:6      | Reached skill level 1 in Long Blades
  3787 | D:6      | Reached skill level 10 in Axes
  4248 | D:7      | Found a sacrificial altar of Ru.
  4258 | D:7      | You fall into a shaft and drop 1 floor!
  4263 | D:8      | Noticed Grum
  4272 | D:8      | HP: 3/80 [wolf[Grum] (8)]
  4272 | D:8      | Slain by a wolf

Illustrated notes

Levels and vault maps discovered:
D:1:      psy_arrival_heroes, layout_basic, serial_shops, nicolae_square_shop,
          nicolae_shop_behind_doors, nicolae_shop_hallway_plus,
          nicolae_shop_overgrown_old_shop, shop, minmay_hexomino_f4
D:2:      layout_basic, uniq_terence, uniq_sigmund
D:3:      minmay_chambers_of_threes, layout_loops_cross,
          mainiacjoe_overflow_24_doors, ebering_ecumenical_altar_webs,
          gup_sewer_entry_pipe
D:4:      layout_loops_ring, minmay_misc_feat_hallway
D:5:      layout_rooms, nemelex_spade_bored_becter, grunt_qazlal_clouds
D:6:      layout_basic, minmay_temple_entry_offerings,
          ebering_ghost_reflecting_pool, grunt_ministairs_12
D:7:      layout_basic, nicolae_ru_great_annihilating_truth,
          serial_park_tiny_pond
D:8:      layout_rooms, uniq_grum
Temple:   jpeg_temple_clearing

Skill      XL: |  1  2  3  4  5  6  7  8  9 |
---------------+----------------------------+-----
Fighting       | 4 5 6 7 |  7.9
Armour         | 4 5 6 8 9 |  9.3
Axes           | 4 6 7 9 10 | 10.1
Shields        | 4 5 6 |  6.0
Dodging        | 1 2 |  2.4
Short Blades   | 1 |  1.2
Long Blades    | 2 |  2.4
Stealth        | |  0.7

Action                   |  1- 3 |  4- 6 |  7- 9 || total
-------------------------+-------+-------+-------++-------
Melee: War axe           |    69 |       |       ||    69
       Headbutt          |     5 |    10 |    34 ||    49
       Short sword       |    18 |     8 |       ||    26
       Hand axe          |       |    90 |   150 ||   240
       Falchion          |       |       |    51 ||    51
  Use: Scroll            |     1 |       |       ||     1
Armor: Chain mail        |    45 |    49 |   106 ||   200
Dodge: Dodged            |    32 |    30 |    75 ||   137
Block: Buckler           |    15 |    19 |    59 ||    93

Table legend: (Time is in decaauts)
 A = Elapsed time spent in this place.
 B = Non-inter-level travel time spent in this place.
 C = Inter-level travel time spent in this place.
 D = Time resting spent in this place.
 E = Time spent auto-exploring this place.
 F = Levels seen in this place.
 G = Mean time per level.
                   A        B        C        D        E       F      G
               +--------+--------+--------+--------+--------+-----+--------+
         Total |   4313 |   3731 |    582 |    554 |   2277 |   9 |  479.2 |
       Dungeon |   4229 |   3725 |    504 |    554 |   2277 |   8 |  528.6 |
        Temple |     83 |      5 |     78 |      0 |      0 |   1 |   83.0 |
               +--------+--------+--------+--------+--------+-----+--------+

Top non-repeatable levels by time:
     D:1: 1018 daAuts
     D:4: 763 daAuts
     D:6: 751 daAuts
     D:2: 626 daAuts
     D:5: 466 daAuts
     D:3: 342 daAuts
     D:7: 245 daAuts
  Temple: 83 daAuts
     D:8: 15 daAuts
